 Dungeon Crawl Stone Soup version 0.31.0-11-ge490571c62 (console) character file.

Game seed: 13458222438124879118

62 AlterAsc the Shooter (level 3, -2/20 HPs)
             Began as a Deep Elf Hexslinger on Feb 7, 2024.
             Killed by divine providence
             ... invoked by an orc priest
              (12 damage)
             ... on level 3 of the Dungeon.
             The game lasted 00:05:15 (1621 turns).

AlterAsc the Shooter (Deep Elf Hexslinger)          Turns: 1621, Time: 00:05:16

Health: -2/20      AC:  2    Str:  5    XL:     3   Next: 85%
Magic:  7/7        EV: 18    Int: 17    God:
Gold:   109        SH:  0    Dex: 19    Spells: 3/5 levels left

rFire   . . .        a - +1 sling
rCold   . . .        p - orb {guile}
rNeg    . . .        c - +0 robe
rPois   .            (no helmet)
rElec   .            (no cloak)
rCorr   .            (no gloves)
SInv    .            (no boots)
Will    .....        (no amulet)
Stlth   ++           k - +5 ring of evasion
HPRegen 0.23/turn    (no ring)
MPRegen 0.10/turn

%: no passive effects
@: invisible
A: no striking features
a: no special abilities


You were on level 3 of the Dungeon.
You visited 1 branch of the dungeon, and saw 3 of its levels.

You collected 109 gold pieces.

Inventory:

Hand Weapons
 a - a +1 sling (weapon)
Missiles
 r - 3 curare-tipped darts
Armour
 c - a +0 robe (worn)
 f - an orb of energy
 p - an orb of guile (worn)
Jewellery
 k - a +5 ring of evasion (left hand)
Scrolls
 d - a scroll of identify {unknown}
 g - a scroll of amnesia {unknown}
 h - a scroll of vulnerability {unknown}
 i - a scroll of summoning
 n - a scroll of enchant weapon {unknown}
 o - a scroll of immolation {unknown}
Potions
 j - a potion of curing {unknown}
 l - a potion of enlightenment {unknown}
 m - a potion of attraction {unknown}
 q - a potion of lignification {unknown}


   Skills:
 - Level 0.7 Fighting
 + Level 5.5 Ranged Weapons
 - Level 2.4 Dodging
 + Level 1.8 Spellcasting
 - Level 4.0 Hexes
 - Level 1.1 Fire Magic


You had 3 spell levels left.
You knew the following spells:

 Your Spells              Type           Power      Damage    Failure   Level
a - Jinxbite              Hex            30%        N/A       6%          2

Your spell library contained the following spells:

 Spells                   Type           Power      Damage    Failure   Level
 Sigil of Binding         Hex            15%        N/A       12%         3
 Inner Flame              Hex/Fire       10%        N/A       21%         3
 Cause Fear               Hex            7%         N/A       36%         4
 Dimensional Bullseye     Hex/Tloc       4%         N/A       65%         4


Dungeon Overview and Level Annotations

Branches:
Dungeon (3/15)

Altars:
Ru

Annotations:
D:3 Grinder


Message History

You hear a shout!
The orc priest misses you.
Fire: a) +1 sling
Press: ? - help, Q - select action, (/) - cycle Shift-Dir - straight line, f/p - orc priest
Aim: an orc priest, wielding a +0 hand axe and wearing a +0 scale mail (lightly wounded, 65% to hit)
Okay, then.
Press: ? - help, v - describe, . - travel The floor.
There is a cloud of poison gas here.
As you read the scroll labelled UDERORR ZENLI, it crumbles to dust.
Wisps of shadow whirl around you...
It was a scroll of summoning.
The orc priest hits you with a +0 hand axe.
The orc priest barely misses your bat.
The orc priest hits your ball python but does no damage.
The orc priest begins to cast a cantrip, but forgets the words!
Press: ? - help, v - describe, . - travel
Here: an endoplasm (poison gas, summoned, friendly)
The floor.
Unknown command.
It was a potion of invisibility.
You fade into invisibility!
Your bat is engulfed in poison gas.
Your bat is poisoned.
Your bat hits the orc priest but does no damage.
Your bat is engulfed in poison gas.
Your bat looks even sicker.
You kill your bat!
Your bat's corpse dissolves into shadows!
Your ball python is engulfed in poison gas.
Your ball python is poisoned.
You kill your ball python!
Your ball python's corpse dissolves into shadows!
Fire: a) +1 sling
Press: ? - help, Q - select action, (/) - cycle Shift-Dir - straight line, f/p - orc priest
Aim: an orc priest, wielding a +0 hand axe and wearing a +0 scale mail (lightly wounded, unable to see you, ally target, 65% to hit)
Okay, then.
The orc priest calls down the wrath of Beogh upon you.
Beogh smites you!
Ouch! That really hurt!
You die...

### #+# #§§ .
#§§###§# ..
#§§☼##§# .§.
#§☼§§#☼# §§§.
#☼§§§§☼###§§§§.
#####§§§§§J☼§§§§§o.
#..§§§§§§§@oo§§§§#
#.§§§§§§###§§§§§§.
##§☼☼§§## .#§###.
##§§§## .# # ##§##
.# #.# .# #.# .#
##.## .# ##...##
.####.....######
................


You could see 2 orc priests, an orc (unable to see you) and a friendly endoplasm
(summoned).

Vanquished Creatures
  2 adders (D:2)
  3 endoplasms
  2 giant cockroaches
  5 goblins
  6 hobgoblins
  3 jackals (D:2)
  6 kobolds
  3 quokkas
  2 ball pythons (D:1)
  4 bats
  3 frilled lizards
  A rat (D:1)
40 creatures vanquished.

Notes
Turn   | Place    | Note
-------+----------+-------------------------------------------
     0 | D:1      | AlterAsc the Deep Elf Hexslinger began the quest for the
                  | Orb.
     0 | D:1      | Reached XP level 1. HP: 11/11 MP: 5/5
    53 | D:1      | Reached skill level 3 in Ranged Weapons
   139 | D:1      | Reached XP level 2. HP: 16/16 MP: 6/6
   255 | D:1      | Reached skill level 4 in Ranged Weapons
   769 | D:2      | Reached XP level 3. HP: 19/20 MP: 7/7
   802 | D:2      | Reached skill level 5 in Ranged Weapons
  1137 | D:2      | Learned a level 2 spell: Jinxbite
  1465 | D:3      | Noticed Grinder
  1555 | D:3      | Found a sacrificial altar of Ru.
  1621 | D:3      | Killed from afar by an orc priest

Illustrated notes

Levels and vault maps discovered:
D:1:      dpeg_arrival_signposts, layout_loops_ring
D:2:      layout_basic
D:3:      layout_loops_corners, nicolae_ru_the_path_less_chosen,
          kennysheep_minor_cross, uniq_terence, uniq_grinder

Skill      XL: |  1  2  3 |
---------------+----------+-----
Ranged Weapons | 3 4 5 |  5.5
Fighting       | |  0.7
Dodging        | |  2.4
Spellcasting   | |  1.8
Hexes          | |  4.0
Fire Magic     | |  1.1

Action                     || total
---------------------------++-------
   Fire: Sling             ||   110
   Cast: Jinxbite          ||     1
    Use: Scroll            ||     2
         Potion            ||     1
 Armour: Robe              ||    16
  Dodge: Dodged            ||    49
